 Dungeon Crawl Stone Soup version 0.21.1-1-g345015fe64 (webtiles) character file.

363 Ikesh the Sneak (level 6, 0/38 HPs)
             Began as an Octopode Transmuter on Mar 4, 2018.
             Was an Initiate of Vehumet.
             Slain by an ice beast (13 damage)
             ... on level 4 of the Dungeon.
             The game lasted 00:25:59 (3655 turns).

Ikesh the Sneak (Octopode Transmuter)               Turns: 3655, Time: 00:25:59

Health: 0/38       AC:  4    Str: 10    XL:     6   Next: 67%
Magic:  10/10      EV: 14    Int: 17    God:    Vehumet [......]
Gold:   232        SH:  0    Dex: 12    Spells: 7/11 levels left

rFire    + . .     SeeInvis .   l - +1 dagger (speed)
rCold    . . .     Gourm    .   (no shield)
rNeg     . . .     Faith    .   j - +1 hat
rPois    .         Spirit   .   y - amulet of magic regeneration
rElec    .         Reflect  .   e - +2 ring of protection
rCorr    .         Harm     .   o - ring of protection from fire
MR       .....                  (no ring)
Stlth    +++.......             (no ring)
HPRegen  0.12/turn              (no ring)
MPRegen  0.37/turn              (no ring)
                                (no ring)
                                (no ring)

@: appendage (expiring)
A: almost no armour, stealthy swim, amphibious, 8 rings, constrict 8, tentacle
spike 3, camouflage 1, gelatinous body 1
a: End Transformation, Renounce Religion


You were on level 4 of the Dungeon.
You worshipped Vehumet.
Vehumet was noncommittal.
You were not hungry.
One of your tentacles had a temporary spike.
You visited 1 branch of the dungeon, and saw 4 of its levels.

You collected 232 gold pieces.

Inventory:

Hand Weapons
 i - a +0 blowgun
 l - a +1 dagger of speed (weapon)
 w - a +0 dagger of draining
Missiles
 a - 88 arrows
 k - 29 poisoned needles
Armour
 j - a +1 hat (worn)
 s - a +0 buckler
Jewellery
 e - a +2 ring of protection (left tentacle)
 o - a ring of protection from fire (right tentacle)
 y - an amulet of magic regeneration (around mantle)
Wands
 r - a wand of random effects (18)
 t - a wand of acid (10)
Scrolls
 g - a scroll of fog {unknown}
 n - a scroll of fear {unknown}
 p - 2 scrolls of remove curse
 q - a scroll of identify
 u - a scroll of magic mapping {unknown}
 x - a scroll of teleportation {unknown}
Potions
 f - 3 potions of brilliance
 h - 2 potions of curing
 v - 2 potions of resistance
Books
 b - a book of Changes

   Spells                             Type                      Level
   a - Beastly Appendage              Transmutation                1
   b - Sticks to Snakes               Transmutation                2
   c - Spider Form                    Transmutation/Poison         3
   d - Ice Form                       Ice/Transmutation            4
   e - Blade Hands                    Transmutation                5
Comestibles
 c - 7 rations


   Skills:
 + Level 1.2 Fighting
 + Level 2.4 Short Blades
 + Level 2.8 Dodging
 + Level 4.1 Stealth
 + Level 3.9 Unarmed Combat
 + Level 3.2 Spellcasting
 + Level 3.1 Transmutations
 + Level 0.1 Poison Magic


You had 7 spell levels left.
You knew the following spells:

 Your Spells              Type           Power        Failure   Level  Hunger
a - Beastly Appendage     Tmut           ##....       4%          1    None
b - Spider Form           Tmut/Pois      #.........   26%         3    ###....


Dungeon Overview and Level Annotations

Branches:
Dungeon (4/15)
 Temple: D:4-7

Altars:
Makhleb
Nemelex Xobeh
Ru
Uskayaw
Vehumet

Annotations:
D:3 subsebi's ghost, novice DsCK
D:4 1 transporter


Innate Abilities, Weirdness & Mutations

You cannot wear most types of armour.
You are very stealthy in the water. (Stealth+)
You are amphibious.
You can wear up to eight rings at the same time.
You can use your tentacles to constrict eight enemies at once.
Your skin changes colour to match your surroundings (Stealth+).
Your rubbery body absorbs attacks. (AC +1, EV +1)
One of your tentacles bears a large vicious spike.


Message History

The ice beast is lightly wounded.
The ice beast barely misses you.
You hit the ice beast but do no damage.
The ice beast is lightly wounded.
Your transformation is almost over.
The ice beast hits you. The ice beast freezes you!
Really walk into that cloud of freezing vapour?
Okay, then.
As you read the scroll labeled HOXEVO VOUNESA, it crumbles to dust.
It is a scroll of amnesia.
Okay, then.
The ice beast hits you but does no damage.
The ice beast closely misses you.
The ice beast hits you but does no damage.
As you read the scroll labeled XUG HUC AFYU, it crumbles to dust.
It is a scroll of enchant weapon.
Your +0 dagger of speed glows red for a moment.
The ice beast hits you. The ice beast freezes you! The ice beast hits you.
The ice beast freezes you!
You die...

.........##############..........
.................................
############..############.......
.................................
.......#######............#.#....
.......#§§§.§############...#....
..####.#§§.§§#§§§§§§######..#....
.<.....#§§§§§#§Y§§§§#..# #..#....
..###..#$$.§§§.#@#§§#..###..#....
......©#©$.§§§.YY©§§#©......###.#
.##....#$$.§§§.#.#§§#...###.# #.#
..#.####.§§§§#§§§§§§###......##.#
#.#.# #§§§§.#§§§§§§# #......##.#
....# #§§.§§##########......##.#
#.############ #..........##.##.#
......# #..........##..#.#
#.###.# #.............. ..


You could see 3 ice beasts.

Vanquished Creatures
  A phantom (D:4)
  A scorpion (D:4)
  2 worker ants (D:4)
  An orc wizard (D:4)
  Robin (D:3)
  3 adders (D:4)
  An ooze (D:3)
  An adder skeleton (D:4)
  3 dart slugs
  A worm (D:2)
  2 leopard geckos
  6 orcs
  5 giant cockroaches
  16 goblins
  12 hobgoblins
  4 jackals (D:2)
  2 quokkas
  10 bats
  6 frilled lizards
  7 kobolds
  A quokka skeleton (D:4)
  10 rats
  A fungus (D:1)
97 creatures vanquished.

Vanquished Creatures (others)
  A quokka (D:3)
  A bat (D:3)
2 creatures vanquished.

Grand Total: 99 creatures vanquished

Notes
Turn   | Place    | Note
-------+----------+-------------------------------------------
     0 | D:1      | Ikesh the Octopode Transmuter began the quest for the Orb.
     0 | D:1      | Reached XP level 1. HP: 13/13 MP: 3/3
   207 | D:1      | Reached XP level 2. HP: 16/18 MP: 3/5
   589 | D:1      | Reached XP level 3. HP: 23/23 MP: 6/6
   853 | D:1      | Reached skill level 1 in Stealth
  1150 | D:2      | Learned a level 3 spell: Spider Form
  1289 | D:2      | Noticed a dagger
  1289 | D:2      | Noticed a hand axe
  1290 | D:2      | Found a hide-covered altar of Uskayaw.
  1293 | D:2      | Reached XP level 4. HP: 28/28 MP: 7/7
  1828 | D:3      | Noticed subsebi's ghost (novice DsCK)
  1934 | D:3      | Noticed Robin
  2141 | D:3      | Found a sacrificial altar of Ru.
  2159 | D:3      | Reached skill level 2 in Stealth
  2168 | D:3      | Killed Robin
  2737 | D:3      | Found a radiant altar of Vehumet.
  2748 | D:3      | Became a worshipper of Vehumet
  2865 | D:4      | Found a transporter.
  2871 | D:4      | Noticed an ice beast
  2871 | D:4      | Noticed an ice beast
  2871 | D:4      | Noticed an ice beast
  2900 | D:4      | Reached XP level 5. HP: 28/33 MP: 8/8
  2953 | D:4      | Reached skill level 3 in Stealth
  3050 | D:4      | Reached skill level 1 in Short Blades
  3070 | D:4      | Noticed a phantom
  3111 | D:4      | Killed a phantom
  3111 | D:4      | Reached XP level 6. HP: 22/38 MP: 10/10
  3329 | D:4      | Found a sparkling altar of Nemelex Xobeh.
  3471 | D:4      | Reached skill level 4 in Stealth
  3495 | D:4      | Found a burning altar of Makhleb.
  3628 | D:4      | Found a transporter.
  3655 | D:4      | Slain by an ice beast

Skill      XL: |  1  2  3  4  5  6 |
---------------+-------------------+-----
Stealth        | 1 2 3 4 |  4.1
Short Blades   | 1 2 |  2.4
Spellcasting   | 3 |  3.2
Transmutations | 3 |  3.1
Fighting       | |  1.2
Dodging        | |  2.8
Unarmed Combat | |  3.9
Poison Magic   | |  0.1

Action                   |  1- 3 |  4- 6 || total
-------------------------+-------+-------++-------
Melee: Unarmed           |    98 |     4 ||   102
       Constrict         |    30 |    31 ||    61
       Tentacles         |    14 |    28 ||    42
       Kick              |    13 |    44 ||    57
       Dagger            |     2 |   174 ||   176
       Punch             |       |     3 ||     3
 Cast: Beastly Appendage |    30 |    40 ||    70
       Spider Form       |       |     2 ||     2
  Use: Scroll            |     4 |     3 ||     7
 Stab: Sleeping          |     5 |     9 ||    14
       Paralysed         |       |     1 ||     1
  Eat: Chunk             |     2 |     7 ||     9
       Ration            |       |     1 ||     1
Armor: Skin              |    22 |    27 ||    49
Dodge: Dodged            |    65 |    89 ||   154
